 Dungeon Crawl Stone Soup version 0.30-a0-778-g2ef04afb54 (webtiles) character file.

Game seed: 8720505613125210706

71 Heoruswealwe the Caller (level 4, 0/24 HPs)
             Began as a Deep Elf Summoner on Feb 15, 2023.
             Slain by an orc wizard
             ... wielding a +0 dagger
              (3 damage)
             ... on level 3 of the Dungeon.
             The game lasted 00:33:16 (3717 turns).

Heoruswealwe the Caller (Deep Elf Summoner)         Turns: 3717, Time: 00:33:16

Health: 0/24       AC:  1    Str:  5    XL:     4   Next: 5%
Magic:  8/9        EV: 12    Int: 22    God:
Gold:   33         SH:  0    Dex: 11    Spells: 5/9 levels left

rFire   . . .      SeeInvis .    E - +0 lajatang
rCold   . . .      Faith    .    (shield currently unavailable)
rNeg    . . .      Spirit   .    l - +0 robe
rPois   .          Reflect  .    (no helmet)
rElec   .          Harm     .    (no cloak)
rCorr   .          Rampage  .    (no gloves)
Will    .....      Rnd*Tele +    (no boots)
Stlth   +                        (no amulet)
HPRegen 0.00/turn                (no ring)
MPRegen 0.11/turn                (no ring)

@: confused, inhibited regen, unable to read, unable to drink
A: clumsy 2, deformed body, low MP 2, screaming 1, inhibited regeneration,
teleportitis 1, no potion heal 1, subdued magic 1, inability to drink after
injury 1, inability to read after injury 1
a: no special abilities


You were on level 3 of the Dungeon.
You visited 1 branch of the dungeon, and saw 3 of its levels.

You collected 108 gold pieces.
You spent 75 gold pieces at shops.

Inventory:

Hand Weapons
 d - a +0 mace
 f - a +0 club
 g - a +0 dagger
 h - a +0 spear
 k - a +0 club
 o - a +0 dagger
 r - a +0 club
 s - a +0 short sword
 t - a +0 dagger
 v - a +0 short sword
 w - a +0 club
 x - a +0 club
 y - a +0 dagger
 C - a +0 war axe
 E - a +0 lajatang (weapon)
Missiles
 e - 14 stones
 j - 3 poisoned darts
 A - 4 boomerangs
Armour
 a - a +0 robe
 l - a +0 robe (worn)
 p - an orb of mayhem
 u - a +0 robe
 z - a +0 ring mail
 B - a +0 scale mail
 G - a +0 ring mail
 I - a +0 ring mail
Jewellery
 m - a ring of protection from cold
Scrolls
 c - 2 scrolls of fear
 n - a scroll of torment
 D - a scroll of enchant weapon
Potions
 b - a potion of magic
 i - a potion of curing
 q - a potion of haste


   Skills:
 + Level 0.3 Fighting
 + Level 0.3 Long Blades
 + Level 2.7 Dodging
 + Level 2.5 Stealth
 * Level 3.3 Spellcasting
 + Level 0.5 Conjurations
 + Level 1.1 Hexes
 * Level 4.7 Summonings
 + Level 0.8 Necromancy
 + Level 0.1 Translocations
 + Level 0.5 Transmutations
 + Level 0.8 Fire Magic
 + Level 0.4 Ice Magic
 + Level 0.3 Air Magic
 + Level 0.1 Earth Magic
 + Level 0.5 Poison Magic
 + Level 0.4 Invocations
 + Level 0.4 Evocations


You had 5 spell levels left.
You knew the following spells:

 Your Spells              Type           Power      Damage    Failure   Level
a - Summon Small Mammal   Summ           72%        N/A       1%          1
b - Call Canine Familiar  Summ           18%        N/A       4%          3

Your spell library contained the following spells:

 Spells                   Type           Power      Damage    Failure   Level
 Call Imp                 Summ           18%        N/A       1%          2
 Summon Guardian Golem    Hex/Summ       12%        N/A       9%          3
 Dazzling Flash           Conj/Hex       10%        N/A       22%         3
 Summon Lightning Spire   Summ/Air       11%        N/A       34%         4
 Agony                    Necr           5%         N/A       92%         5
 Silence                  Hex/Air        2%         N/A       92%         5


Dungeon Overview and Level Annotations

Branches:
Dungeon (3/15)

Altars:
Jiyva

Shops:
D:2 ?


Innate Abilities, Weirdness & Mutations

You are very clumsy. (Dex -4)
Armour fits poorly on your strangely shaped body.
Your magical capacity is very low. (-20% MP)
You occasionally shout uncontrollably at your foes.
You do not regenerate when monsters are visible.
You are occasionally teleported next to monsters.
Potions are less effective at restoring your health.
Your spells are a little easier to cast, but a little less powerful.
You occasionally lose the ability to drink potions when taking damage.
You occasionally lose the ability to read scrolls when taking damage.


Message History

Your hound bites something but does no damage.
You completely miss something. Something hits you.
You barely miss something.
An orc comes into view. It is wielding a +0 club.
Something hits you.
You barely miss something.
An orc comes into view. It is wielding a +0 hand axe.
Your hound misses something.
An orc comes into view. It is wielding a +0 trident.
You hear some strange, mumbled words.
You are confused.
Are you sure you want to stumble around while confused and next to your hound?
Uppercase [Y]es or [N]o only, please.
Are you sure you want to stumble around while confused and next to your hound? [Y]es or [N]o only, please.
Are you sure you want to stumble around while confused and next to your hound? [Y]es or [N]o only, please.
Are you sure you want to stumble around while confused and next to your hound? [Y]es or [N]o only, please.
Are you sure you want to stumble around while confused and next to your hound? [Y]es or [N]o only, please.
Are you sure you want to stumble around while confused and next to your hound?
Okay, then.
Your hound misses you.
Your hound bites something.
You hear some strange, mumbled words.
You are more confused.
Your hound disappears in a puff of smoke!
Something barely misses you.
You're too confused to cast spells.
Something completely misses you. The orc misses you.
The orc hits you with a +0 short sword. Something hits you.
The orc hits you with a +0 mace.
You feel threatened and lose the ability to read scrolls!
You feel threatened and lose the ability to drink potions!
You can read scrolls again.
The orc hits you with a +0 short sword.
You feel threatened and lose the ability to read scrolls!
* * * LOW HITPOINT WARNING * * *
The orc misses you. Something hits you.
You die...

#.................##
#..............##...
#..........###.#####
#...................
#...<.....###....##.
#............ ......
####.######.##
###..#
#####...o###....##
##..
#.....##@ooo......
##.
...##..{##oo..... #.
#......### .......
#...#$# .......
#..... ..o.... # ..#
....... ##. oo.o...
. o..)... #


You could see 6 orcs.

Vanquished Creatures
  A shining eye (D:2)
  2 adders (D:2)
  4 ball pythons (D:1)
  6 endoplasms
  5 goblins
  3 hobgoblins
  3 jackals (D:2)
  4 kobolds
  5 quokkas
  8 bats
  A frilled lizard (D:2)
  5 rats
  15 bushes (D:2)
62 creatures vanquished.

Vanquished Creatures (collateral kills)
  A worm (D:3)
  An endoplasm (D:3)
2 creatures vanquished.

Vanquished Creatures (others)
  4 plants (D:2)
4 creatures vanquished.

Grand Total: 68 creatures vanquished

Notes
Turn   | Place    | Note
-------+----------+-------------------------------------------
     0 | D:1      | Heoruswealwe the Deep Elf Summoner began the quest for the
                  | Orb.
     0 | D:1      | Reached XP level 1. HP: 10/10 MP: 6/6
   217 | D:1      | Reached XP level 2. HP: 15/15 MP: 8/8
   287 | D:1      | Found a faded altar of an unknown god.
   292 | D:1      | Prayed at the altar of an unknown god.
   292 | D:1      | Became a worshipper of Jiyva Janyfolu the Shapeless
   292 | D:1      | Reached * piety under Jiyva
   293 | D:1      | Fell from the grace of Jiyva
   534 | D:1      | Gained mutation: You occasionally shout uncontrollably at
                  | your foes. [mutagenic glow]
  1103 | D:2      | Reached XP level 3. HP: 11/19 MP: 9/9
  1251 | D:2      | Noticed a shining eye
  1258 | D:2      | Gained mutation: You do not regenerate when monsters are
                  | visible. [a shining eye]
  1261 | D:2      | Gained mutation: You are clumsy. (Dex -2) [a shining eye]
  1263 | D:2      | Gained mutation: You are very clumsy. (Dex -4) [a shining
                  | eye]
  1271 | D:2      | Gained mutation: You are occasionally teleported next to
                  | monsters. [a shining eye]
  1281 | D:2      | Gained mutation: You occasionally lose the ability to drink
                  | potions when taking damage. [a shining eye]
  1283 | D:2      | Gained mutation: Your magical capacity is low. (-10% MP) [a
                  | shining eye]
  1284 | D:2      | Gained mutation: Potions are less effective at restoring
                  | your health. [a shining eye]
  1288 | D:2      | Gained mutation: Your spells are a little easier to cast,
                  | but a little less powerful. [a shining eye]
  1290 | D:2      | Gained mutation: Your magical capacity is very low. (-20%
                  | MP) [a shining eye]
  1291 | D:2      | Killed a shining eye
  2026 | D:2      | Found Toti's Magic Scroll Boutique.
  2109 | D:2      | Bought a scroll of enchant weapon for 75 gold pieces
  2326 | D:2      | Gained mutation: Armour fits poorly on your strangely
                  | shaped body. [the all-consuming vengeance of Jiyva]
  2326 | D:2      | Gained mutation: You occasionally lose the ability to read
                  | scrolls when taking damage. [the all-consuming vengeance of
                  | Jiyva]
  3629 | D:2      | Learned a level 3 spell: Call Canine Familiar
  3637 | D:3      | Reached skill level 1 in Hexes
  3637 | D:3      | Reached XP level 4. HP: 8/24 MP: 5/9
  3717 | D:3      | Slain by an orc wizard

Illustrated notes

Levels and vault maps discovered:
D:1:      minmay_arrival_up_and_down, layout_loops_corners,
          basic_ecumenical_altar, nrook_campfire
D:2:      layout_loops_corners, serial_shops, nicolae_shop_trees, serial_forest,
          infiniplex_forest_clump_small, infiniplex_forest_end_1,
          infiniplex_forest_end_3, infiniplex_forest_straight_3, minivault_25
D:3:      layout_rooms

Skill      XL: |  1  2  3 |
---------------+----------+-----
Hexes          | 1 |  1.1
Fighting       | |  0.3
Long Blades    | |  0.3
Dodging        | |  2.7
Stealth        | |  2.5
Spellcasting   | |  3.3
Conjurations   | |  0.5
Summonings     | |  4.7
Necromancy     | |  0.8
Translocations | |  0.1
Transmutations | |  0.5
Fire Magic     | |  0.8
Ice Magic      | |  0.4
Air Magic      | |  0.3
Earth Magic    | |  0.1
Poison Magic   | |  0.5
Invocations    | |  0.4
Evocations     | |  0.4

Action                     |  1- 3 |  4- 6 || total
---------------------------+-------+-------++-------
  Melee: Mace              |   327 |       ||   327
         War axe           |   958 |       ||   958
         Punch             |    32 |       ||    32
         Lajatang          |       |     3 ||     3
   Cast: Call Canine Famil |     1 |     1 ||     2
 Invoke: Renounce Religion |     1 |       ||     1
    Use: Scroll            |     6 |       ||     6
         Potion            |     4 |       ||     4
   Stab: Sleeping          |     8 |       ||     8
         Distracted        |     2 |       ||     2
 Armour: Robe              |    30 |       ||    30
  Dodge: Dodged            |   128 |     5 ||   133

Table legend: (Time is in decaauts)
 A = Elapsed time spent in this place.
 B = Non-inter-level travel time spent in this place.
 C = Inter-level travel time spent in this place.
 D = Time resting spent in this place.
 E = Time spent auto-exploring this place.
 F = Levels seen in this place.
 G = Mean time per level.
                   A        B        C        D        E       F      G
               +--------+--------+--------+--------+--------+-----+--------+
         Total |   4343 |   4183 |    160 |      0 |      0 |   3 | 1447.7 |
       Dungeon |   4343 |   4183 |    160 |      0 |      0 |   3 | 1447.7 |
               +--------+--------+--------+--------+--------+-----+--------+

Top non-repeatable levels by time:
     D:2: 3094 daAuts
     D:1: 1131 daAuts
     D:3: 118 daAuts
